 Dungeon Crawl Stone Soup version 0.26-a0-252-gb32a1a6195 (webtiles) character file.

Game seed: 5487740199254256671

858 BritishOli the Ducker (level 7, 35/55 HPs)
             Began as a Demonspawn Gladiator on July 9, 2020.
             Quit the game on level 5 of the Dungeon.
             The game lasted 00:05:00 (4590 turns).

BritishOli the Ducker (Demonspawn Gladiator)        Turns: 4590, Time: 00:05:01

Health: 35/55      AC: 24    Str: 16    XL:     7   Next: 71%
Magic:  7/7        EV: 13    Int: 10    God:
Gold:   263        SH:  0    Dex: 17    Spells: 6/6 levels left

rFire    + . .     SeeInvis .   a - +0 long sword
rCold    + . .     Faith    .   (no shield)
rNeg     . . .     Spirit   .   v - +5 ring mail "Dusoen" {rPois rC+ Dex+3 Slay-6 Stlth+}
rPois    +         Reflect  .   c - +0 helmet
rElec    .         Harm     .   (no cloak)
rCorr    .                      u - +1 pair of gloves
MR       .....                  (no boots)
Stlth    ++........             (no amulet)
HPRegen  0.18/turn              m - ring of fire
MPRegen  0.10/turn              n - +4 ring of protection

@: mildly poisoned (35 -> 32), sanguine armour
A: hooves 2, cold resistance 1, demonic guardian 1, sanguine armour 1
a: no special abilities


You were on level 5 of the Dungeon.
You were not hungry.

You visited 1 branch of the dungeon, and saw 5 of its levels.

You collected 263 gold pieces.

Inventory:

Hand Weapons
 a - a +0 long sword (weapon)
Missiles
 d - 3 throwing nets (quivered)
Armour
 b - a +0 leather armour
 c - a +0 helmet (worn)
 u - a +1 pair of gloves (worn)
 v - the +5 ring mail "Dusoen" (worn) {rPois rC+ Dex+3 Slay-6 Stlth+}
   (You found it on level 4 of the Dungeon)

   It affects your dexterity (+3).
   It affects your accuracy and damage with ranged weapons and melee attacks
   (-6).
   It protects you from cold.
   It protects you from poison.
   It makes you more stealthy.
Jewellery
 m - a ring of fire (left hand)
 n - a +4 ring of protection (right hand)
 r - an uncursed ring of positive energy
 w - a cursed ring of teleportation {unknown}
 y - an uncursed ring of wizardry {unknown}
Scrolls
 e - 6 scrolls of teleportation {unknown}
 g - a scroll of random uselessness {unknown}
 h - 3 scrolls of immolation {unknown}
 j - 9 scrolls of identify {unknown}
 l - a scroll of fear {unknown}
 p - 2 scrolls of amnesia {unknown}
 q - a scroll of enchant armour {unknown}
 s - a scroll of blinking {unknown}
Potions
 i - 3 potions of lignification {unknown}
 k - 2 potions of brilliance {unknown}
 o - 2 potions of haste {unknown}
 t - a potion of mutation {unknown}
 x - a potion of might {unknown}
Comestibles
 f - 10 rations


   Skills:
 + Level 4.7 Fighting
 + Level 4.7 Long Blades
 - Level 2.0 Throwing
 + Level 3.6 Armour
 + Level 4.8 Dodging


You had 6 spell levels left.
You didn't know any spells.
Your spell library was empty.

Dungeon Overview and Level Annotations

Branches:
Dungeon (5/15)
 Temple: D:4-7

Altars:

Shops:
D:4 =


Innate Abilities, Weirdness & Mutations

You have hoof-like feet.
Your flesh is cold resistant. (rC+)
A weak demonic guardian rushes to your aid.
When seriously injured, your bleeding wounds create armour. (AC +6)


Message History

You are more poisoned.
The worker ant poisons you!
A worker ant is nearby!
A worker ant is nearby!
You hit the worker ant but do no damage.
You kick the worker ant.
The worker ant is almost dead.
You feel sick. The worker ant closely misses you.
You hit the worker ant.
You kill the worker ant!
You feel sick.
No target in view!
You feel sick.
You feel sick.
y - a marble ring Your blood congeals into armour.
You feel sick.
You feel sick.
Okay, then.
You don't know any spells.
Are you sure you want to abandon this character and quit the game? (Confirm with "yes".)

#.# .# #.# .# #.# #.# .# #.#
#.# .# ###.###.#
.####.......# ............# #
##########..###.#.##..####
##.#........@........##..##..
#....########..###..........#
#.#....# #..###...........
.......#.# #............####
..######.# ##.###.####.##
##.## .# #.# #.#
#####...######.###.####.#
......#......#..........#
#####...####.#####.####.#


There were no monsters in sight!

Vanquished Creatures
  A centaur (D:5)
  An ogre (D:5)
  A phantom (D:5)
  A gnoll sergeant (D:5)
  4 hounds
  2 orc priests (D:4)
  An orc wizard (D:3)
  4 worker ants
  A hound skeleton (D:4)
  A howler monkey skeleton (D:4)
  2 adders (D:2)
  3 gnolls (D:5)
  A shadow imp (D:5)
  3 oozes
  2 adder skeletons
  3 worms
  3 dart slugs
  7 orcs
  9 bats
  3 giant cockroaches
  8 goblins
  10 hobgoblins
  7 jackals
  6 kobolds
  A quokka (D:3)
  5 frilled lizards
  A quokka skeleton (D:4)
  A rat (D:2)
92 creatures vanquished.

Vanquished Creatures (collateral kills)
  Duvessa (D:4)
  Dowan (D:4)
  A hound (D:4)
  A gnoll (D:5)
  2 orcs
  2 jackals (D:5)
8 creatures vanquished.

Grand Total: 100 creatures vanquished

Notes
Turn   | Place    | Note
-------+----------+-------------------------------------------
     0 | D:1      | BritishOli the Demonspawn Gladiator began the quest for the
                  | Orb.
     0 | D:1      | Reached XP level 1. HP: 16/16 MP: 1/1
   186 | D:1      | Gained mutation: When seriously injured, your bleeding
                  | wounds create armour. (AC +6) [demonic ancestry]
   186 | D:1      | Reached XP level 2. HP: 22/22 MP: 2/2
   640 | D:1      | Reached XP level 3. HP: 25/28 MP: 3/3
   708 | D:1      | Reached skill level 1 in Armour
  1118 | D:2      | Found a faded altar of an unknown god.
  1168 | D:2      | Gained mutation: A weak demonic guardian rushes to your
                  | aid. [demonic ancestry]
  1168 | D:2      | Reached XP level 4. HP: 16/34 MP: 4/4
  1747 | D:3      | Gained mutation: You have large cloven feet. [demonic
                  | ancestry]
  1747 | D:3      | Reached XP level 5. HP: 6/41 MP: 5/5
  2482 | D:4      | Noticed Duvessa
  2482 | D:4      | Noticed Dowan
  2491 | D:4      | Killed Duvessa
  2500 | D:4      | Killed Dowan
  2500 | D:4      | Gained mutation: Your flesh is cold resistant. (rC+)
                  | [demonic ancestry]
  2500 | D:4      | Reached XP level 6. HP: 47/47 MP: 6/6
  2623 | D:4      | Got a steaming ring mail
  2634 | D:4      | Identified the +5 ring mail "Dusoen" {rPois rC+ Dex+3
                  | Slay-6 Stlth+} (You found it on level 4 of the Dungeon)
  3098 | D:4      | Found Fojiaret's Jewellery Shop.
  3577 | D:5      | Entered Level 5 of the Dungeon
  3973 | D:5      | Gained mutation: You have hoof-like feet. [demonic
                  | ancestry]
  3973 | D:5      | Reached XP level 7. HP: 46/54 MP: 7/7
  4590 | D:5      | Quit the game

Illustrated notes

Levels and vault maps discovered:
D:1:      eino_arrival_water_cross, layout_basic, chequers_serial_rivers_micro_d
D:2:      layout_basic, chequers_ecumenical_altar_twisty, first_ration,
          grunt_decor_mini_mirrors, minivault_14
D:3:      layout_basic
D:4:      layout_loops_ring, serial_shops, shop, serial_bayou_pond_e,
          kennysheep_crisscross, minmay_fountain_box, uniq_duvessa
D:5:      layout_loops_ring

Skill      XL: |  1  2  3  4  5  6 |
---------------+-------------------+-----
Throwing       | 2 |  2.0
Long Blades    | 3 4 |  4.7
Dodging        | 3 4 |  4.8
Armour         | 1 2 3 |  3.6
Fighting       | 3 4 |  4.7

Action                   |  1- 3 |  4- 6 |  7- 9 || total
-------------------------+-------+-------+-------++-------
Melee: Long sword        |    80 |   241 |    90 ||   411
       Kick              |       |    74 |    39 ||   113
  Use: Potion            |     2 |       |       ||     2
 Stab: Sleeping          |     1 |     2 |       ||     3
  Eat: Ration            |     1 |     2 |     1 ||     4
Armor: Leather armour    |    26 |    34 |       ||    60
       Ring mail         |       |    99 |    39 ||   138
Dodge: Dodged            |    76 |   218 |    68 ||   362
       Rpst.: Long sword |    32 |    72 |    15 ||   119

Table legend:
 A = Non-vault XP
 B = Vault XP
 C = Vault XP percentage of total XP
 D = Non-vault monster count
 E = Vault monster count
 F = Vault count percentage of total count
                 A         B        C        D         E       F
            +---------+---------+-------+---------+---------+-------
      Total |    1099 |     128 |  10.4 |      98 |       2 |   2.0
            +---------+---------+-------+---------+---------+-------
        D:1 |      43 |       0 |   0.0 |      20 |       0 |   0.0
        D:2 |      73 |       0 |   0.0 |      22 |       0 |   0.0
        D:3 |     114 |       0 |   0.0 |      19 |       0 |   0.0
        D:4 |     291 |     128 |  30.5 |      17 |       2 |  10.5
        D:5 |     578 |       0 |   0.0 |      20 |       0 |   0.0
            +---------+---------+-------+---------+---------+-------
